 Dungeon Crawl Stone Soup version 0.22.1-1-ga44c0e5 (webtiles) character file.

1783 Garbasso the Grappler (level 8, -2/79 HPs)
             Began as a Troll Hunter on Oct 6, 2018.
             Was a Priest of Elyvilon.
             Slain by a manticore (5 damage)
             ... on level 7 of the Dungeon.
             The game lasted 00:16:19 (5261 turns).

Garbasso the Grappler (Troll Hunter)                Turns: 5261, Time: 00:16:20

Health: -2/79      AC:  6    Str: 21    XL:     8   Next: 81%
Magic:  4/7        EV: 10    Int: 11    God:    Elyvilon [***...]
Gold:   280        SH:  0    Dex: 11    Spells: 7/7 levels left

rFire    . . .     SeeInvis .     - Unarmed
rCold    . . .     Gourm    +   (no shield)
rNeg     . . .     Faith    .   b - +0 robe
rPois    .         Spirit   .   (helmet restricted)
rElec    .         Reflect  .   l - +0 cloak
rCorr    +         Harm     .   (gloves unavailable)
MR       .....                  (boots unavailable)
Stlth    +.........             (no amulet)
HPRegen  0.63/turn              H - ring of resist corrosion
MPRegen  0.10/turn              A - +3 ring of intelligence (curse)

@: barbed spikes
A: large, unfitting armour, claws 3, fast metabolism 3, gourmand, regeneration
1, shaggy fur 1, tough skin 2
a: Lesser Healing, Heal Other, Purification, Divine Protection, Renounce
Religion


You were on level 7 of the Dungeon.
You worshipped Elyvilon.
Elyvilon was most pleased with you.
You were very full.

You visited 2 branches of the dungeon, and saw 8 of its levels.

You collected 280 gold pieces.

Inventory:

Missiles
 e - 114 stones (quivered)
 x - 35 poisoned needles
Armour
 b - a +0 robe (worn)
 l - a +0 cloak (worn)
Jewellery
 m - an uncursed ring of flight
 A - a cursed +3 ring of intelligence (right claw)
 H - a ring of resist corrosion (left claw)
Wands
 r - a wand of polymorph (11)
 v - a wand of flame (29)
 C - a wand of paralysis (12)
 E - a wand of iceblast (11)
 F - a wand of enslavement (3)
Scrolls
 g - 4 scrolls of remove curse
 h - 3 scrolls of magic mapping
 k - a scroll of enchant armour {unknown}
 p - 2 scrolls of amnesia {unknown}
 q - a scroll of enchant weapon {unknown}
 t - a scroll of teleportation {unknown}
 u - a scroll of fog {unknown}
 y - a scroll of noise {unknown}
 z - a scroll of identify {unknown}
 D - a scroll of blinking {unknown}
Potions
 a - 8 potions of curing
 i - a potion of might {unknown}
 j - 2 potions of mutation {unknown}
 n - a potion of magic {unknown}
 o - a potion of resistance {unknown}
 s - 2 potions of haste
 w - a potion of lignification {unknown}
 B - a potion of flight {unknown}
 G - 2 potions of ambrosia {unknown}
 J - 2 potions of heal wounds {unknown}
 K - a potion of agility {unknown}
Comestibles
 f - 12 rations


   Skills:
 * Level 4.7 Fighting
 + Level 5.5 Throwing
 - Level 1.5 Dodging
 - Level 0.3 Stealth
 + Level 8.9 Unarmed Combat


You had 7 spell levels left.
You didn't know any spells.
Your spell library was empty.

Dungeon Overview and Level Annotations

Branches:
Dungeon (7/15)             Temple (1/1) D:6

Altars:
Ashenzari
Cheibriados
Dithmenos
Elyvilon
Fedhas
Gozag
Hepliaklqana
Kikubaaqudgha
Makhleb
Nemelex Xobeh
Okawaru
Qazlal
Sif Muna
Uskayaw
Vehumet
Wu Jian
Yredelemnul
Zin
The Shining One

Annotations:
D:5 3 runed doors, bmj180's ghost, novice MiFi


Innate Abilities, Weirdness & Mutations

You are too large for most types of armour.
You have claws for hands.
Your metabolism is lightning-fast.
You like to eat raw meat.
Your natural rate of healing is unusually fast.
You are covered in fur. (AC +1)
You have very tough skin. (AC +2)


Message History

Press: ? - help, Shift-Dir - straight line, f/p - manticore
Aim: a manticore (almost dead)
You throw a stone. The stone closely misses the manticore.
The manticore flicks its tail.
The volley of spikes hits you!
The barbed spikes become lodged in your body.
* * * LOW HITPOINT WARNING * * *
You are healed.
You feel somewhat less full.
You are healed.
You feel somewhat less full.
The manticore flicks its tail.
The volley of spikes hits you!
The barbed spikes become lodged in your body.
* * * LOW HITPOINT WARNING * * *
It was a potion of curing.
You feel better.
You closely miss the manticore.
The manticore is almost dead.
The manticore bites you!
* * * LOW HITPOINT WARNING * * *
The manticore barely misses you. The manticore claws you.
You die...

### #<# #.# #.#
#.# #.#
################.#
<.((..H@.>.......#
##################


You could see a manticore.

Vanquished Creatures
  Pikel (D:4)
  Sigmund (D:4)
  A slave (D:4)
  A phantom (D:4)
  2 sky beasts
  2 ogres
  A scorpion (D:2)
  A howler monkey (D:6)
  2 crimson imps
  3 hounds
  2 jellies (D:6)
  2 centaur skeletons
  An orc priest (D:4)
  Ijyb (D:5)
  Terence (D:3)
  An orc wizard (D:4)
  2 worker ants
  A killer bee zombie (D:5)
  2 hound zombies
  A worker ant zombie (D:5)
  9 adders
  An ooze (D:5)
  2 adder skeletons (D:4)
  2 adder zombies
  3 worms
  A dart slug (D:3)
  2 leopard geckos
  8 orcs
  7 bats
  2 giant cockroaches
  9 goblins
  7 hobgoblins (D:1)
  2 jackals (D:5)
  A quokka (D:4)
  5 frilled lizards
  2 gnoll zombies (D:2)
  5 kobolds
  A leopard gecko skeleton (D:5)
  4 rats
  A bush (D:1)
103 creatures vanquished.

Vanquished Creatures (others)
  A centaur skeleton (D:4)
1 creature vanquished.

Grand Total: 104 creatures vanquished

Notes
Turn   | Place    | Note
-------+----------+-------------------------------------------
     0 | D:1      | Garbasso the Troll Hunter began the quest for the Orb.
     0 | D:1      | Reached XP level 1. HP: 19/19 MP: 0/0
    62 | D:1      | Reached skill level 1 in Unarmed Combat
    87 | D:1      | Reached XP level 2. HP: 19/27 MP: 1/1
   138 | D:1      | Reached skill level 2 in Unarmed Combat
   614 | D:1      | Reached XP level 3. HP: 33/33 MP: 2/2
   881 | D:2      | Found a basalt altar of Yredelemnul.
   989 | D:2      | Reached skill level 3 in Unarmed Combat
  1137 | D:2      | Noticed a scorpion
  1144 | D:2      | Killed a scorpion
  1144 | D:2      | Reached skill level 4 in Unarmed Combat
  1144 | D:2      | Reached XP level 4. HP: 19/41 MP: 3/3
  1775 | D:3      | Noticed Terence
  1779 | D:3      | Killed Terence
  1988 | D:3      | Reached XP level 5. HP: 48/48 MP: 4/4
  2075 | D:3      | Reached skill level 5 in Unarmed Combat
  2625 | D:4      | Noticed Sigmund
  2627 | D:4      | Killed Sigmund
  2627 | D:4      | Reached skill level 6 in Unarmed Combat
  2627 | D:4      | Reached XP level 6. HP: 55/55 MP: 5/5
  2640 | D:4      | Found a white marble altar of Elyvilon.
  2676 | D:4      | Became a worshipper of Elyvilon the Healer
  2888 | D:4      | Reached skill level 7 in Unarmed Combat
  2902 | D:4      | Reached XP level 7. HP: 59/62 MP: 6/6
  2946 | D:4      | Noticed Pikel
  2967 | D:4      | Killed Pikel
  2967 | D:4      | Reached skill level 8 in Unarmed Combat
  2967 | D:4      | Reached XP level 8. HP: 31/74 MP: 7/7
  3388 | D:5      | Entered Level 5 of the Dungeon
  3388 | D:5      | Reached * piety under Elyvilon
  3388 | D:5      | Noticed Ijyb
  3402 | D:5      | Killed Ijyb
  3523 | D:5      | Found a runed gate.
  3523 | D:5      | Found a runed gate.
  3523 | D:5      | Found a runed gate.
  3523 | D:5      | Noticed bmj180's ghost (novice MiFi)
  3584 | D:5      | Found a snail-covered altar of Cheibriados.
  3658 | D:5      | Reached skill level 5 in Throwing
  3694 | D:5      | Found an ancient bone altar of Kikubaaqudgha.
  4077 | D:6      | Reached ** piety under Elyvilon
  4166 | D:6      | Found a deep blue altar of Sif Muna.
  4204 | D:6      | Found a stormy altar of Qazlal.
  4258 | D:6      | Found a staircase to the Ecumenical Temple.
  4267 | Temple   | Entered the Ecumenical Temple
  4642 | D:6      | Reached *** piety under Elyvilon
  4852 | D:6      | Found an opulent altar of Gozag.
  4855 | D:6      | Found a shattered altar of Ashenzari.
  4858 | D:6      | Found a glowing golden altar of the Shining One.
  4861 | D:6      | Found a shadowy altar of Dithmenos.
  5237 | D:7      | Noticed a manticore
  5259 | D:7      | HP: 1/79 [manticore/volley of spikes (14)]
  5261 | D:7      | Slain by a manticore

Skill      XL: |  1  2  3  4  5  6  7  8 |
---------------+-------------------------+-----
Unarmed Combat | 1 2 4 6 7 8 |  8.9
Fighting       | 2 4 |  4.7
Throwing       | 4 5 |  5.5
Dodging        | |  1.5
Stealth        | |  0.3

Action                   |  1- 3 |  4- 6 |  7- 9 || total
-------------------------+-------+-------+-------++-------
Melee: Unarmed           |   147 |    64 |   147 ||   358
       Punch             |     1 |     1 |     6 ||     8
Throw: Large rock        |     1 |     5 |     5 ||    11
       Stone             |       |    41 |    23 ||    64
       Throwing net      |       |     1 |     1 ||     2
Invok: Lesser Healing    |       |       |     4 ||     4
Evoke: Wand              |       |       |     2 ||     2
  Use: Scroll            |       |     2 |       ||     2
       Potion            |       |       |     1 ||     1
 Stab: Sleeping          |       |     1 |     1 ||     2
  Eat: Chunk             |    16 |    11 |    25 ||    52
Armor: Robe              |    28 |    18 |    48 ||    94
Dodge: Dodged            |    41 |    32 |    59 ||   132
